 Dungeon Crawl Stone Soup version 0.28-a0-1395-g4f6bc678fa (webtiles) character file.

Game seed: 4390957678048726479

98 vineage the Skirmisher (level 4, 25/39 HPs)
             Began as a Demonspawn Fighter on Jan 4, 2022.
             Quit the game on level 2 of the Dungeon.
             The game lasted 00:01:00 (1377 turns).

vineage the Skirmisher (Demonspawn Fighter)         Turns: 1377, Time: 00:01:01

Health: 25/39      AC:  6    Str: 18    XL:     4   Next: 43%
Magic:  4/4        EV:  9    Int: 10    God:
Gold:   79         SH:  8    Dex: 12    Spells: 3/3 levels left

rFire   . . .      SeeInvis .   a - +0 flail
rCold   . . .      Faith    .   c - +0 buckler
rNeg    . . .      Spirit   .   b - +0 scale mail
rPois   .          Reflect  .   (helmet restricted)
rElec   .          Harm     .   (no cloak)
rCorr   .          Rampage  .   (no gloves)
Will    .....                   (no boots)
Stlth   ..........              (no amulet)
HPRegen 0.13/turn               (no ring)
MPRegen 0.09/turn               (no ring)

@: no status effects
A: antennae 1, condensation shield, weakness stinger 1
a: no special abilities


You were on level 2 of the Dungeon.
You visited 1 branch of the dungeon, and saw 2 of its levels.

You collected 79 gold pieces.

Inventory:

Hand Weapons
 a - a +0 flail (weapon)
Armour
 b - a +0 scale mail (worn)
 c - a +0 buckler (worn)
Scrolls
 g - a scroll of brand weapon {unknown}
 h - a scroll of amnesia {unknown}
 j - a scroll of noise {unknown}
 k - a scroll of blinking {unknown}
Potions
 d - a potion of might
 e - 2 potions of heal wounds {unknown}
 f - a potion of flight {unknown}
 i - a potion of curing {unknown}
 l - 2 potions of ambrosia {unknown}
 m - a potion of resistance {unknown}


   Skills:
 + Level 5.3 Fighting
 - Level 1.7 Maces & Flails
 - Level 2.6 Armour
 - Level 2.6 Shields


You had 3 spell levels left.
You didn't know any spells.
Your spell library was empty.

Dungeon Overview and Level Annotations

Branches:
Dungeon (2/15)

Altars:


Innate Abilities, Weirdness & Mutations

You have a pair of small antennae on your head.
A meltable shield of frost defends you. (SH +4)
You have a small tail.


Message History

Your tail-slap misses the adder.
You block the adder's attack. The adder barely misses you.
You sock the adder!
The adder is severely wounded.
You block the adder's attack. x2
You miss the adder.
The adder is severely wounded.
The adder closely misses you. You block the adder's attack.
You closely miss the adder.
You tail-slap the adder, but do no damage.
The adder is severely wounded.
The adder barely misses you.
You sock the adder!
You kill the adder!
The iguana bites you.
Your Fighting skill increases to level 5!
You have reached level 4!
You feel clever.
Your demonic ancestry asserts itself...
A pair of antennae grows on your head!
You hit the iguana.
The iguana is moderately wounded.
The iguana closely misses you.
You sock the iguana!
The iguana is almost dead.
The iguana bites you. x2
You hit the iguana.
You kill the iguana!
No target in view!
No target in view!
No target in view!
No target in view!
No target in view!
No target in view!
No target in view!
No target in view!
No target in view!
No target in view!
No target in view!
No target in view!
Are you sure you want to abandon this character and quit the game? (Confirm with "yes".)

# #####.#
#.....#######
#.###.......# #
#.......#
.#.###.......# .
.............##
#....###.#........
###..###..........
....>.†@.#####....
.##......# ....
#......# ...
#......+ ..
#......# #.......
##...... #++###.#


There were no monsters in sight!

Vanquished Creatures
  Natasha (D:2)
  An iguana (D:2)
  2 adders (D:2)
  2 endoplasms (D:1)
  2 giant cockroaches (D:1)
  3 goblins
  2 hobgoblins
  2 kobolds
  A quokka (D:1)
  6 ball pythons
  6 bats
  2 rats (D:1)
30 creatures vanquished.

Notes
Turn   | Place    | Note
-------+----------+-------------------------------------------
     0 | D:1      | vineage the Demonspawn Fighter began the quest for the Orb.
     0 | D:1      | Reached XP level 1. HP: 18/18 MP: 1/1
    36 | D:1      | Found a faded altar of an unknown god.
   333 | D:1      | Gained mutation: A meltable shield of frost defends you.
                  | (SH +4) [demonic ancestry]
   333 | D:1      | Reached XP level 2. HP: 21/24 MP: 2/2
   935 | D:1      | Reached skill level 4 in Fighting
  1244 | D:2      | Noticed Natasha
  1250 | D:2      | Killed Natasha
  1251 | D:2      | Discovered your monstrous ancestry.
  1251 | D:2      | Gained mutation: You have a small tail. [demonic ancestry]
  1251 | D:2      | Reached XP level 3. HP: 26/31 MP: 3/3
  1374 | D:2      | Reached skill level 5 in Fighting
  1374 | D:2      | Gained mutation: You have a pair of small antennae on your
                  | head. [demonic ancestry]
  1374 | D:2      | Reached XP level 4. HP: 32/39 MP: 4/4
  1377 | D:2      | Quit the game

Illustrated notes

Levels and vault maps discovered:
D:1:      lightli_arrival_quake, layout_basic, basic_ecumenical_altar,
          minmay_pentomino_q2
D:2:      layout_basic, minmay_misc_feat_cross, kennysheep_generic_room_15,
          uniq_jessica, uniq_natasha, uniq_sigmund

Skill      XL: |  1  2  3 |
---------------+----------+-----
Fighting       | 4 5 |  5.3
Maces & Flails | |  1.7
Armour         | |  2.6
Shields        | |  2.6

Action                   |  1- 3 |  4- 6 || total
-------------------------+-------+-------++-------
Melee: Flail             |    77 |     3 ||    80
       Tailslap          |     1 |       ||     1
Armor: Scale mail        |    33 |       ||    33
Dodge: Dodged            |    34 |     1 ||    35
Block: Buckler           |    33 |       ||    33

Table legend: (Time is in decaauts)
 A = Elapsed time spent in this place.
 B = Non-inter-level travel time spent in this place.
 C = Inter-level travel time spent in this place.
 D = Time resting spent in this place.
 E = Time spent auto-exploring this place.
 F = Levels seen in this place.
 G = Mean time per level.
                   A        B        C        D        E       F      G
               +--------+--------+--------+--------+--------+-----+--------+
         Total |   1405 |   1363 |     42 |      0 |   1178 |   2 |  702.5 |
       Dungeon |   1405 |   1363 |     42 |      0 |   1178 |   2 |  702.5 |
               +--------+--------+--------+--------+--------+-----+--------+

Top non-repeatable levels by time:
     D:1: 1191 daAuts
     D:2: 214 daAuts
